 Dungeon Crawl Stone Soup version 0.29.1-12-g30fa7ad0bf (webtiles) character file.

Game seed: 7601295627002495138

19563 wormed the Basher (level 12, -12/108 HPs)
             Began as a Minotaur Gladiator on Dec 22, 2022.
             Was a High Priest of Okawaru.
             Mangled by Urug
             ... wielding a +3 glaive
              (27 damage)
             ... on level 3 of the Lair of Beasts.
             The game lasted 00:27:45 (17780 turns).

wormed the Basher (Minotaur Gladiator)             Turns: 17780, Time: 00:27:45

Health: -12/108    AC: 24    Str: 23    XL:     12   Next: 37%
Magic:  11/11      EV: 16    Int:  8    God:    Okawaru [*****.]
Gold:   745        SH:  0    Dex: 13    Spells: 11/11 levels left

rFire   . . .      SeeInvis .   W - +9 dire flail of Okawaru's Fury {protect, Int+3}
rCold   . . .      Faith    +   (shield currently unavailable)
rNeg    . . .      Spirit   .   I - +2 chain mail {Will+}
rPois   .          Reflect  .   e - +2 hat {Will+}
rElec   .          Harm     .   E - +0 cloak
rCorr   +          Rampage  .   (no gloves)
Will    ++...                   (no boots)
Stlth   ..........              K - amulet of faith
HPRegen 0.28/turn               b - +4 ring of evasion
MPRegen 0.12/turn               v - ring of resist corrosion

@: under a protective aura
A: horns 2, retaliatory headbutt
a: Renounce Religion, Heroism, Finesse, Duel


You were on level 3 of the Lair of Beasts.
You worshipped Okawaru.
Okawaru was extremely pleased with you.
You visited 3 branches of the dungeon, and saw 14 of its levels.

You collected 799 gold pieces.
You spent 54 gold pieces at shops.

Inventory:

Hand Weapons
 W - the +9 dire flail of Okawaru's Fury (weapon) {protect, Int+3}
   (Okawaru gifted it to you on level 3 of the Lair of Beasts)

   It grants its wielder temporary protection when it strikes (+7 to AC).
   Int:       It affects your intelligence (+3).
Missiles
 d - 2 throwing nets
 H - 7 javelins (quivered)
Armour
 e - a +2 hat of willpower (worn)
 q - a +0 kite shield
 y - a +0 tower shield
 E - a +0 cloak (worn)
 I - a +2 chain mail of willpower (worn)
Jewellery
 b - a +4 ring of evasion (left hand)
 v - a ring of resist corrosion (right hand)
 K - an amulet of faith (around neck)
 M - a ring of poison resistance
 Q - a ring of protection from cold
 U - a ring of protection from fire
Wands
 u - a wand of digging (6)
 w - a wand of polymorph (6)
 B - a wand of paralysis (6)
 L - a wand of iceblast (7)
 S - a wand of mindburst (10)
 V - a wand of quicksilver (4)
Scrolls
 a - a scroll of poison {unknown}
 c - 3 scrolls of magic mapping
 h - a scroll of fog {unknown}
 j - 2 scrolls of immolation {unknown}
 m - 2 scrolls of silence {unknown}
 n - 6 scrolls of teleportation
 o - a scroll of vulnerability {unknown}
 s - 3 scrolls of noise {unknown}
 D - 2 scrolls of amnesia
 F - a scroll of fear {unknown}
 J - a scroll of torment {unknown}
 O - a scroll of summoning {unknown}
 R - a scroll of enchant weapon {unknown}
Potions
 f - 2 potions of resistance
 g - 2 potions of flight
 i - 2 potions of might
 k - 5 potions of attraction
 l - 3 potions of haste
 p - 2 potions of magic
 r - 5 potions of lignification
 t - 3 potions of invisibility
 x - 10 potions of curing
 z - a potion of mutation {unknown}
 C - 2 potions of berserk rage {unknown}
 G - 4 potions of brilliance
 P - a potion of degeneration {unknown}
 T - a potion of cancellation {unknown}


   Skills:
 + Level 10.9 Fighting
 - Level 12.0 Maces & Flails
 + Level 5.7 Throwing
 + Level 10.5 Armour
 + Level 10.3 Dodging
 + Level 10.5 Shields


You had 11 spell levels left.
You didn't know any spells.
Your spell library contained the following spells:

 Spells                   Type           Power      Damage    Failure   Level
 Apportation              Tloc           0%         N/A       94%         1
 Freeze                   Ice            0%         1d3       94%         1
 Necrotise                Necr           0%         1d4       94%         1
 Ensorcelled Hibernation  Hex/Ice        0%         N/A       98%         2
 Static Discharge         Conj/Air       0%         3-3/arc   98%         2
 Frozen Ramparts          Ice            0%         1d1       100%        3
 Spider Form              Tmut/Pois      0%         N/A       100%        3
 Anguish                  Hex/Necr       0%         N/A       100%        4
 Dispel Undead            Necr           0%         3d6       100%        4
 Hailstorm                Conj/Ice       0%         3d3       100%        4
 Sticky Flame             Conj/Fire      0%         2d3       100%        4
 Summon Small Mammal      Summ           Unusable   N/A       N/A         1

Dungeon Overview and Level Annotations

Branches:
Dungeon (10/15)            Temple (1/1) D:7            Lair (3/5) D:10
  Snake (0/4) Lair:3          Orc (0/2) D:10
  Swamp: Lair:2-3    Shoals: Lair:2-3

Altars:
Ashenzari
Cheibriados
Dithmenos
Elyvilon
Fedhas
Gozag
Hepliaklqana
Kikubaaqudgha
Makhleb
Nemelex Xobeh
Okawaru
Qazlal
Ru
Sif Muna
Trog
Uskayaw
Vehumet
Wu Jian
Xom
Yredelemnul
Zin
The Shining One

Shops:
D:3 [   D:6 *

Annotations:
Lair:3 Urug


Innate Abilities, Weirdness & Mutations

You have a pair of horns on your head.
You reflexively headbutt those who attack you in melee.


Message History

The death yak misses you.
Urug throws a silver javelin.
The silver javelin closely misses you.
You sock the death yak!
The death yak is moderately wounded.
The death yak gores you!!
* * * LOW HITPOINT WARNING * * *
Urug hits you from afar with a +3 glaive!
* * * LOW HITPOINT WARNING * * *
You sock the death yak!
The death yak is heavily wounded.
You feel much better.
The death yak gores you but does no damage.
Urug hits you from afar with a +3 glaive!
* * * LOW HITPOINT WARNING * * *
You feel much better. The death yak gores you.
* * * LOW HITPOINT WARNING * * *
Urug barely misses you.
You puncture the death yak!
The death yak is severely wounded.
The death yak closely misses you.
Urug roars.
Urug throws a silver javelin.
The silver javelin pierces through you but does no damage.
* * * LOW HITPOINT WARNING * * *
You barely miss the death yak.
The death yak is severely wounded.
The death yak gores you but does no damage.
Urug closely misses you.
You thump the death yak!
The death yak is severely wounded.
You sock the death yak!
The death yak is almost dead.
The death yak gores you but does no damage.
Urug hits you from afar with a +3 glaive!
* * * LOW HITPOINT WARNING * * *
You bludgeon the death yak!!
You kill the death yak!
Okawaru is honoured by your kill.
Urug hits you from afar with a +3 glaive!!
You die...

...P#......#
...........##
............#
...........#.#
...........###
...........##
#.##P..o....#
# ##..†...##
#P..@....#
##......P#
##......##
#P......#
##......#
#..>.†.#
####......#
.P.#....)..##
............#


You could see Urug.

Vanquished Creatures
  Gastronok (Lair:3)
  3 hydras
  4 death yaks (Lair:3)
  Pikel (D:6)
  A black mamba (Lair:1)
  3 cane toads
  A rime drake (Lair:2)
  2 komodo dragons
  A hornet (Lair:1)
  3 blink frogs (Lair:2)
  Sigmund (D:3)
  4 wyverns
  3 wraiths
  A vampire (D:8)
  17 yaks
  2 basilisks
  3 steam dragons
  Grum (D:10)
  3 nagas (Lair:3)
  A warg (D:10)
  15 water moccasins
  An acid dragon (D:9)
  3 orc warriors
  2 ice beasts
  5 black bears
  4 centaurs
  4 ogres
  8 wolves
  3 kobold brigands
  5 bullfrogs
  A gnoll sergeant (D:6)
  6 scorpions
  12 wights
  4 killer bees (D:9)
  3 jellies
  7 orc priests
  4 hounds
  Jessica (D:3)
  8 iguanas
  Natasha (thrice) (D:2)
  7 orc wizards
  10 gnolls
  11 adders
  A river rat (D:6)
  A white imp (D:7)
  An ufetubus (D:6)
  A worm (D:3)
  36 orcs
  5 bats
  4 endoplasms
  4 giant cockroaches
  6 hobgoblins
  3 quokkas
  7 ball pythons
  9 frilled lizards
  7 goblins
  18 kobolds
  9 rats
295 creatures vanquished.

Vanquished Creatures (others)
  An orc (D:8)
  7 fungi
  32 plants
40 creatures vanquished.

Grand Total: 335 creatures vanquished

Notes
Turn   | Place    | Note
-------+----------+-------------------------------------------
     0 | D:1      | wormed the Minotaur Gladiator began the quest for the Orb.
     0 | D:1      | Reached XP level 1. HP: 18/18 MP: 0/0
   269 | D:1      | Reached XP level 2. HP: 24/25 MP: 1/1
   407 | D:1      | Reached skill level 4 in Maces & Flails
   551 | D:1      | Reached skill level 1 in Shields
   607 | D:1      | Reached skill level 1 in Armour
   825 | D:2      | Noticed Natasha
   830 | D:2      | Reached XP level 3. HP: 18/30 MP: 2/2
  1302 | D:2      | Killed Natasha
  1303 | D:2      | Reached XP level 4. HP: 38/38 MP: 3/3
  1305 | D:2      | Noticed Natasha
  1313 | D:2      | Killed Natasha
  1513 | D:2      | Noticed Natasha
  1527 | D:2      | Killed Natasha
  1765 | D:2      | Reached XP level 5. HP: 45/45 MP: 4/4
  2102 | D:3      | Found a faded altar of an unknown god.
  2231 | D:3      | Noticed Sigmund
  2250 | D:3      | Killed Sigmund
  2251 | D:3      | Reached skill level 5 in Maces & Flails
  2251 | D:3      | Reached XP level 6. HP: 52/52 MP: 5/5
  2639 | D:3      | Noticed Jessica
  2653 | D:3      | Killed Jessica
  2796 | D:3      | Found Leisenwe's Armour Boutique.
  2806 | D:3      | Bought a +0 tower shield for 54 gold pieces
  3194 | D:4      | Reached skill level 6 in Maces & Flails
  3370 | D:4      | Reached XP level 7. HP: 60/60 MP: 6/6
  3978 | D:4      | Reached skill level 5 in Dodging
  3983 | D:4      | Reached skill level 7 in Maces & Flails
  4111 | D:4      | Reached skill level 5 in Fighting
  4456 | D:5      | Entered Level 5 of the Dungeon
  4495 | D:5      | Reached XP level 8. HP: 66/68 MP: 7/7
  5027 | D:5      | Reached skill level 8 in Maces & Flails
  5102 | D:5      | Reached skill level 5 in Shields
  5153 | D:5      | You fall into a shaft and drop 3 floors!
  5164 | D:7      | Reached skill level 5 in Armour
  6169 | D:6      | Reached skill level 9 in Maces & Flails
  6169 | D:6      | Reached XP level 9. HP: 14/75 MP: 8/8
  6945 | D:6      | Found the +6 shillelagh "Devastator" {shatter}
  7123 | D:6      | Noticed Pikel
  7127 | D:6      | Found Lyty's Luxury Loot.
  7140 | D:6      | Killed Pikel
  7316 | D:7      | Reached skill level 10 in Maces & Flails
  7689 | D:7      | Found a staircase to the Ecumenical Temple.
  7843 | D:7      | Found a shimmering altar of Xom.
  7844 | D:7      | Found a shimmering altar of Xom.
  7845 | D:7      | Found a shimmering altar of Xom.
  7845 | D:7      | Found a shimmering altar of Xom.
  8187 | D:7      | Found a radiant altar of Vehumet.
  8188 | D:7      | Found an ornate altar of the Wu Jian Council.
  8193 | D:7      | Found a glowing golden altar of the Shining One.
  8194 | D:7      | Found a sparkling altar of Nemelex Xobeh.
  8196 | D:7      | Found a snail-covered altar of Cheibriados.
  8197 | D:7      | Found a hide-covered altar of Uskayaw.
  8199 | D:7      | Found a sacrificial altar of Ru.
  8202 | D:7      | Found a shadowy altar of Dithmenos.
  8406 | D:7      | Found a shimmering altar of Xom.
  8519 | Temple   | Entered the Ecumenical Temple
  8762 | Temple   | Became a worshipper of Warmaster Okawaru
  8923 | D:8      | Reached XP level 10. HP: 65/86 MP: 9/9
  9239 | D:8      | Reached skill level 11 in Maces & Flails
  9504 | D:8      | Reached * piety under Okawaru
 10769 | D:8      | Reached ** piety under Okawaru
 11578 | D:9      | Identified the +4 robe of the Sky {rN+}
 11879 | D:10     | Entered Level 10 of the Dungeon
 11965 | D:10     | Found a staircase to the Orcish Mines.
 12206 | D:10     | Reached skill level 12 in Maces & Flails
 12440 | D:10     | Noticed Grum
 12454 | D:10     | Killed Grum
 12462 | D:10     | Reached *** piety under Okawaru
 12474 | D:10     | Reached XP level 11. HP: 67/95 MP: 10/10
 12641 | D:10     | HP: 2/97 [yak (11)]
 13034 | D:9      | Reached **** piety under Okawaru
 13544 | D:10     | Found a staircase to the Lair.
 14078 | Lair:1   | Entered Level 1 of the Lair of Beasts
 14080 | Lair:1   | Noticed an eight-headed hydra
 14093 | Lair:1   | Killed an eight-headed hydra
 14094 | Lair:1   | Noticed a four-headed hydra
 14366 | Lair:1   | Killed a four-headed hydra
 14500 | Lair:1   | Found a gate leading to a gauntlet.
 14669 | Lair:1   | Reached ***** piety under Okawaru
 15153 | Lair:1   | Reached skill level 10 in Fighting
 15651 | Lair:2   | Noticed a four-headed hydra
 15664 | Lair:2   | Killed a four-headed hydra
 15664 | Lair:2   | Identified the +3 shortbow of Division {freeze, Will- Str+3
                  | Dex+6} (Okawaru gifted it to you on level 2 of the Lair of
                  | Beasts)
 15664 | Lair:2   | Received a gift from Okawaru
 16440 | Lair:2   | Reached XP level 12. HP: 84/107 MP: 11/11
 16448 | Lair:2   | Reached skill level 10 in Shields
 16450 | Lair:2   | Reached skill level 10 in Armour
 16627 | Lair:2   | Reached skill level 5 in Throwing
 16767 | Lair:3   | Found a staircase to the Snake Pit.
 16767 | Lair:3   | Noticed Gastronok
 17063 | Lair:3   | HP: 2/107 [Gastronok (27)]
 17458 | Lair:3   | Killed Gastronok
 17459 | Lair:3   | Reached skill level 10 in Dodging
 17707 | Lair:3   | Identified the +9 dire flail of Okawaru's Fury {protect,
                  | Int+3} (Okawaru gifted it to you on level 3 of the Lair of
                  | Beasts)
 17707 | Lair:3   | Received a gift from Okawaru
 17738 | Lair:3   | Noticed Urug
 17745 | Lair:3   | Noticed a death yak
 17746 | Lair:3   | Noticed a death yak
 17747 | Lair:3   | Noticed a death yak
 17749 | Lair:3   | Noticed a death yak
 17757 | Lair:3   | Killed a death yak
 17764 | Lair:3   | Killed a death yak
 17769 | Lair:3   | Killed a death yak
 17772 | Lair:3   | HP: 1/108 [Urug/+3 glaive (15)]
 17780 | Lair:3   | Killed a death yak
 17780 | Lair:3   | Mangled by Urug

Illustrated notes

Levels and vault maps discovered:
D:1:      scummos_arrival_star, layout_loops_ring
D:2:      layout_basic, minmay_tetromino_s2, uniq_natasha
D:3:      layout_basic, serial_shops, shop,
          hellmonk_ecumenical_altar_pennies_from_heaven, uniq_sigmund,
          uniq_jessica
D:4:      nicolae_cairo_tiling_very_big, layout_basic, hangedman_decor_lopped
D:5:      layout_loops_ring, dk_vineyard_3
D:6:      layout_loops_ring, gup_sewer_entry_bowl, nicolae_alphabet_shops,
          dilly_guarded_unrand_devastator, uniq_pikel
D:7:      layout_loops_ring, xom_redecorated,
          nicolae_overflow_hallway_of_the_gods,
          minmay_temple_entry_gardened_gates, nicolae_sextant
D:8:      layout_rooms, minmay_lizard_king
D:9:      layout_long_grid, minmay_misc_feat_iff
D:10:     layout_cave_pods, minmay_lair_entry_grove, david_orc_3, uniq_grum
Temple:   hellmonk_temple_forest_ring
Lair:1:   layout_big_grid, gauntlet_entry_generic, beast_lair_carwin_9
Lair:2:   layout_misc_corridors, hibernation_bobbens
Lair:3:   layout_cellular_growth, nicolae_swamp_entry_splash_gauntlet,
          minmay_snake_entry_guardpost_small, grunt_megastairs_1,
          uniq_gastronok, uniq_fannar, uniq_nessos, uniq_urug

Skill      XL: |  1  2  3  4  5  6  7  8  9 10 11 12 |
---------------+-------------------------------------+-----
Maces & Flails | 4 5 6 7 9 10 12 | 12.0
Shields        | 1 2 3 4 5 6 8 9 10 | 10.5
Armour         | 1 2 3 4 5 6 8 9 10 | 10.5
Fighting       | 3 4 5 6 7 8 10 | 10.9
Dodging        | 4 5 6 7 8 9 10 | 10.3
Throwing       | 4 5 |  5.7

Action                   |  1- 3 |  4- 6 |  7- 9 | 10-12 || total
-------------------------+-------+-------+-------+-------++-------
Melee: Flail             |    64 |    88 |    43 |       ||   195
       Headbutt          |     9 |    14 |    69 |   117 ||   209
       Punch             |       |     1 |     4 |       ||     5
       Morningstar       |       |       |   259 |   561 ||   820
       Dire flail        |       |       |       |    27 ||    27
Throw: Throwing net      |     1 |       |       |     1 ||     2
       Javelin           |       |       |       |     7 ||     7
  Use: Scroll            |       |     4 |     1 |     8 ||    13
       Potion            |       |       |     3 |     4 ||     7
Armor: Leather armour    |    21 |     1 |       |       ||    22
       Chain mail        |       |    28 |    75 |   221 ||   324
       Plate armour      |       |       |    61 |       ||    61
Dodge: Dodged            |    46 |    42 |   170 |   339 ||   597
Block: Kite shield       |       |       |    82 |   311 ||   393
